 Dungeon Sprint DCSS version 0.26-a0-682-g294304f6e8 (webtiles) character file.

Game seed: 1268664301268877853

1468270 olmar the Gargoyle Barricade (level 27, 193/204 HPs)
             Began as a Gargoyle Fighter on Oct 16, 2020.
             Was an Initiate of Gozag.
             Escaped with the Orb!
             The game lasted 00:58:50 (9030 turns).

olmar the Gargoyle Barricade (Gargoyle Fighter)     Turns: 9030, Time: 00:58:50

Health: 193/204    AC: 79    Str: 42    XL:     27
Magic:  54/57      EV: 24    Int: 16    God:    Gozag
Gold:   16147      SH: 22    Dex:  9    Spells: 76/80 levels left

rFire    + + +     SeeInvis .   k - +9 eveningstar (holy)
rCold    + + +     Faith    .   c - +2 shield of Resistance {rF++ rC++ MR++}
rNeg     + + .     Spirit   +   d - +14 crystal plate armour
rPois    ∞         Reflect  .   v - +1 helmet of Incorporation {-Tele rF++ Regen+ rCorr}
rElec    +         Harm     .   y - +0 cloak of the Valley of Death {Str+6 Int+2}
rCorr    +         Rampage  .   B - +3 pair of gauntlets of War {Slay+5}
MR       +++++     NoTele   +   a - +0 pair of boots of Claustrophobia {+Blink rElec rN+ MR-}
Stlth    +.........             q - amulet "Sorghoxt" {Spirit rPois MR++ Int+5}
HPRegen  0.84/turn              z - ring of Nuredd {MP+9 EV+4 Str+3 Slay+2}
MPRegen  0.35/turn              u - ring of Taum {rC+ Str+2}

@: glowing
A: big wings, rugged brown scales 1, dopey 1, low mp 1, mutation resistance 1,
negative energy resistance 1, electricity resistance, unbreathing, petrification
resistance, rot immunity, AC +20
0: Orb of Zot
}: 10/15 runes: serpentine, barnacled, slimy, elven, silver, iron, icy, demonic,
glowing, magical
a: Fly, Potion Petition, Call Merchant, Bribe Branch, Renounce Religion, Evoke
Blink


You escaped.
You worshipped Gozag.
Gozag was extremely pleased with you.
You visited 1 branch You collected 84924 gold pieces.
You spent 21700 gold pieces at shops.
You paid 47077 gold pieces to Gozag.

Inventory:

Hand Weapons
 g - the +5 eveningstar "Gargoyle's Regret" {venom, +Fly rN+}
   (You found it in the Dungeon)

   It poisons the flesh of those it strikes.
   It protects you from negative energy.
   It lets you fly.
 k - a +9 eveningstar of holy wrath (weapon)
 l - the +4 staff of Dispater
   (You took it off Dispater in the Dungeon)
 t - a +9 demon whip of freezing
 G - a +2 sacred scourge of holy wrath
Armour
 a - the +0 pair of boots of Claustrophobia (worn) {+Blink rElec rN+ MR-}
   (You bought it in a shop in the Dungeon)

   It insulates you from electricity.
   It protects you from negative energy.
   It affects your resistance to hostile enchantments.
   It lets you blink.
 c - the +2 shield of Resistance (worn) {rF++ rC++ MR++}
   (You bought it in a shop in the Dungeon)

   It greatly protects you from fire.
   It greatly protects you from cold.
   It affects your resistance to hostile enchantments.
 d - a +14 crystal plate armour (worn)
 r - the +2 cloak of Agnosticism {rPois rCorr}
   (You bought it in a shop in the Dungeon)

   It protects you from poison.
   It provides partial protection from all sources of acid and corrosion.
 v - the +1 helmet of Incorporation (worn) {-Tele rF++ Regen+ rCorr}
   (You bought it in a shop in the Dungeon)

   It greatly protects you from fire.
   It prevents most forms of teleportation.
   It increases your rate of regeneration.
   It provides partial protection from all sources of acid and corrosion.
 y - the +0 cloak of the Valley of Death (worn) {Str+6 Int+2}
   (You bought it in a shop in the Dungeon)

   It affects your strength (+6).
   It affects your intelligence (+2).
 B - the +3 pair of gauntlets of War (worn) {Slay+5}
   (You bought it in a shop in the Dungeon)

   It affects your accuracy and damage with ranged weapons and melee attacks
   (+5).
Jewellery
 o - the ring of Qeot {rF+ rN+ Str+3 Dex-5}
   (You bought it in a shop in the Dungeon)

   [ring of positive energy]

   It affects your strength (+3).
   It affects your dexterity (-5).
   It protects you from fire.
   It protects you from negative energy.
 p - the ring of Foeqous {rElec MP+9 SInv Stlth+}
   (You bought it in a shop in the Dungeon)

   [ring of magical power]

   It insulates you from electricity.
   It affects your magic capacity (+9).
   It lets you see invisible.
   It makes you more stealthy.
 q - the amulet "Sorghoxt" (around neck) {Spirit rPois MR++ Int+5}
   (You bought it in a shop in the Dungeon)

   [amulet of guardian spirit]

   It causes incoming damage to be split between your health and magic.
   It affects your intelligence (+5).
   It protects you from poison.
   It affects your resistance to hostile enchantments.
 s - the ring of Fazog {rPois rF- rC+++ rCorr Int+7}
   (You bought it in a shop in the Dungeon)

   [ring of resist corrosion]

   It affects your intelligence (+7).
   It makes you vulnerable to fire.
   It renders you almost immune to cold.
   It protects you from poison.
   It provides partial protection from all sources of acid and corrosion.
 u - the ring of Taum (right hand) {rC+ Str+2}
   (You bought it in a shop in the Dungeon)

   [ring of protection from cold]

   It affects your strength (+2).
   It protects you from cold.
 w - the ring "Pakheyt" {rF++ rN+}
   (You bought it in a shop in the Dungeon)

   [ring of positive energy]

   It greatly protects you from fire.
   It protects you from negative energy.
 z - the ring of Nuredd (left hand) {MP+9 EV+4 Str+3 Slay+2}
   (You bought it in a shop in the Dungeon)

   [ring of evasion]

   It affects your evasion (+4).
   It affects your strength (+3).
   It affects your accuracy and damage with ranged weapons and melee attacks
   (+2).
   It affects your magic capacity (+9).
 E - the ring of Spontaneous Combustion {+Fly rElec rC++ Stlth-}
   (You bought it in a shop in the Dungeon)

   [ring of attention]

   It greatly protects you from cold.
   It insulates you from electricity.
   It lets you fly.
   It makes you less stealthy.
Wands
 i - a wand of paralysis (5)
Scrolls
 b - 2 scrolls of enchant armour
 j - 11 scrolls of blinking
 m - 3 scrolls of fog
 C - 14 scrolls of remove curse
 H - a scroll of identify
Potions
 e - 4 potions of curing
 h - 2 potions of magic
 n - 2 potions of resistance
 x - a potion of invisibility
 A - 2 potions of mutation
 D - a potion of cancellation
 F - 4 potions of experience
 I - a potion of stabbing
Miscellaneous
 K - the horn of Geryon


   Skills:
 O Level 27 Fighting
 O Level 27 Maces & Flails
 + Level 20.5(25.9) Staves
 - Level 8.0 Throwing
 O Level 27 Armour
 O Level 27 Dodging
 O Level 27 Stealth
 O Level 27 Shields
 + Level 24.2 Unarmed Combat
 O Level 27 Spellcasting
 + Level 5.9 Hexes
 O Level 27 Evocations


You had 76 spell levels left.
You knew the following spells:

 Your Spells              Type           Power        Failure   Level
a - Cause Fear            Hex            #####.....   4%          4

Your spell library contained the following spells:

 Spells                   Type           Power        Failure   Level
 Silence                  Hex/Air        ####......   41%         5
 Yara's Violent Unravell  Hex/Tmut       ####......   41%         5
 Discord                  Hex            #####.....   100%        8


Dungeon Overview and Level Annotations

Branches:
Dungeon (1/1)

Altars:
Cheibriados
Dithmenos
Fedhas
Gozag
Kikubaaqudgha
Makhleb
Okawaru
Qazlal
Ru
Sif Muna
Trog
Uskayaw
Vehumet
Wu Jian
Xom
Yredelemnul
Zin
The Shining One
Beogh
Jiyva
Lugonu

Shops:
D [[[[?[((([*?*?*![[[*[!=[[(:[(([*!!!!


Innate Abilities, Weirdness & Mutations

You are resistant to torment.
Your stone body is resilient. (AC +20)
You are immune to poison.
Your large and strong wings let you fly indefinitely.
You resist negative energy. (rN+)
You are resistant to electric shocks. (rElec)
You can survive without breathing.
You are immune to petrification.
You are immune to rotting.
You are partially covered in rugged brown scales. (AC +1, +3% HP)
You are dopey. (Int -2)
Your magical capacity is low. (-10% MP)
You are somewhat resistant to further mutation.


Message History

Things that are here:
a +9 club of venom; 23 bolts; a +0 arbalest You start waiting.
A hell beast comes into view.
You block the hell beast's attack.
The hell beast tramples you but does no damage.
You skewer the hell beast like a kebab!!!
The hell beast convulses!!!
You kill the hell beast!
You now have 16147 gold pieces (gained 90).
There is an entrance to Batow's Antique Armour Emporium here.
There is a staircase leading out of the dungeon here.
Things that are here:
a +9 club of venom; 23 bolts; a +0 arbalest You start waiting.
A daeva comes into view.
It is wielding a +4 scimitar of holy wrath.
Unknown command.
The daeva calls down the wrath of the Shining One upon you.
The Shining One smites you!
You have escaped!

#_..∩.).)_# ###)[(.().[.###
#))(((([[..[))#
######[8).(..[.).8)######
##.___[)[[)(###...[((__.∩##
###"=.[.([)(8(# #.8..[.[)..∩###
##..=..=[.((([)###)).)[[().....##
#⌠...∩∩..(([###...###.()[[..[(.⌠#
#⌠.∩.(∩∩∩[.(# #∩@.# #∩∩)[.)....⌠#
#⌠..∩...∩(∩[###∩).###.[..[.....⌠#
##...).).(...[∩###...)...).....##
###∩[..)(.[[8A# #)8()).....∩###
##∩__(([[(([###...)([___∩##
######)8)))[(([()8(######
#[.)[(∩[[([[[[# ###[.∩∩∩.))(###
#_|∩∩.[[[_#


You could see a daeva.

Vanquished Creatures
  Antaeus (D)
  Mennas (D)
  Mnoleg (D)
  Lom Lobon (D)
  Dispater (D)
  4 ancient liches (D)
  5 pandemonium lords (D)
  7 Killer Klowns (D)
  Fannar (D)
  Geryon (D)
  Polyphemus (D)
  2 great orbs of eyes (D)
  A profane servitor (D)
  A bone dragon (D)
  17 tentacled monstrosities (D)
  5 deep elf master archers (D)
  12 Orb Guardians (D)
  2 liches (D)
  2 titans (D)
  A deep elf blademaster (D)
  5 acid blobs (D)
  5 draconian monks (D)
  Donald (D)
  2 shadow dragons (D)
  3 draconian knights (D)
  A storm dragon (D)
  3 azure jellies (D)
  7 daevas (D)
  5 orc warlords (D)
  A deep elf sorcerer (D)
  10 angels (D)
  5 draconian scorchers (D)
  9 ghost moths (D)
  2 draconian annihilators (D)
  A draconian shifter (D)
  7 emperor scorpions (D)
  2 ghouls (D)
  3 draconian stormcallers (D)
  2 very ugly things (D)
  4 stone giants (D)
  5 deep elf demonologists (D)
  14 reapers (D)
  13 lorocyprocas (D)
  3 deep elf annihilators (D)
  A yellow draconian (D)
  3 red draconians (D)
  A purple draconian (D)
  9 ettins (D)
  3 deep elf death magi (D)
  A naga warrior (D)
  13 boulder beetles (D)
  9 vault guards (D)
  A deep elf high priest (D)
  12 hell beasts (D)
  A yaktaur captain (D)
  A hydra (D)
  4 spriggan air magi (D)
  A centaur warrior (D)
  An anaconda (D)
  5 orc high priests (D)
  5 sun demons (D)
  4 hell hogs (D)
  18 hell knights (D)
  Sonja (D)
  16 skeletal warriors (D)
  A wretched star (D)
  A fire crab (D)
  A naga ritualist (D)
  2 phantasmal warriors (D)
  A wizard (D)
  A deep elf archer (D)
  A necromancer (D)
  An orc knight (D)
  6 orb spiders (D)
  A salamander (D)
  A wolf spider (D)
  A cyclops (D)
  An orc sorcerer (D)
  8 ugly things (D)
  A shining eye (D)
  4 deep elf magi (D)
  A merfolk siren (D)
  12 moths of wrath (D)
  A guardian serpent (D)
  2 black mambas (D)
  2 naga magi (D)
  A rust devil (D)
  2 kobold demonologists (D)
  2 demonic crawlers (D)
  An efreet (D)
  A yaktaur (D)
  A hornet (D)
  3 slime creatures (D)
  A wind drake (D)
  A redback (D)
  A water elemental (D)
  27 air elementals (D)
  3 wraiths (D)
  3 vampires (D)
  2 tarantellas (D)
  3 fire bats (D)
  2 fire elementals (D)
  A steam dragon (D)
  11 neqoxecs (D)
  A naga (D)
  4 insubstantial wisps (D)
  19 floating eyes (D)
  A hell hound (D)
  4 eyes of draining (D)
  A sky beast (D)
  An ice beast (D)
  5 big kobolds (D)
  An earth elemental (D)
  2 scorpions (D)
  2 wights (D)
  A jelly (D)
  3 mummies (D)
  A white imp (D)
  2 worms (D)
  2 ball lightnings (D)
  A bat zombie (D)
  6 giant cockroaches (D)
  10 kobolds (D)
  A giant cockroach zombie (D)
474 creatures vanquished.

Vanquished Creatures (collateral kills)
  4 orc warlords (D)
  A stone giant (D)
  2 orc sorcerers (D)
  2 moths of wrath (D)
9 creatures vanquished.

Vanquished Creatures (others)
  A pandemonium lord (D)
  An eldritch tentacle (D)
  A draconian monk (D)
  An orc warlord (D)
  An orc sorcerer (D)
  9 ball lightnings (D)
  2 kobolds (D)
  4 fire vortices (D)
20 creatures vanquished.

Grand Total: 503 creatures vanquished

Notes
Turn   | Place    | Note
-------+----------+-------------------------------------------
     0 | D        | olmar the Gargoyle Fighter began the quest for the Orb.
     0 | D        | Reached XP level 1. HP: 14/14 MP: 1/1
     2 | D        | Found an iron altar of Okawaru.
     2 | D        | Found a glowing golden altar of the Shining One.
     3 | D        | Found a basalt altar of Yredelemnul.
     3 | D        | Found a shimmering altar of Xom.
     4 | D        | Found a radiant altar of Vehumet.
     4 | D        | Found a shadowy altar of Dithmenos.
     5 | D        | Found a stormy altar of Qazlal.
     5 | D        | Found a corrupted altar of Lugonu.
     5 | D        | Found Irhuotiogh's Weapon Rack.
     5 | D        | Found Cuguoxku's Premium Goods.
     5 | D        | Round 1.
     6 | D        | Found a burning altar of Makhleb.
     6 | D        | Found Zissoje's Basic Armour.
     6 | D        | Found Bon Kyegh's Miscellaneous Merchandise.
    18 | D        | Found a hide-covered altar of Uskayaw.
    19 | D        | Found a blossoming altar of Fedhas.
    20 | D        | Found Miystruf's Identification Station.
    21 | D        | Found Cotzuxil's Advanced Armour.
    21 | D        | Found Ameol's Jewellery.
    22 | D        | Found a glowing silver altar of Zin.
    22 | D        | Found an ornate altar of the Wu Jian Council.
    22 | D        | Found a shimmering blue altar of Sif Muna.
    26 | D        | Found a sacrificial altar of Ru.
    27 | D        | Found a bloodstained altar of Trog.
    29 | D        | Found an opulent altar of Gozag.
    29 | D        | Found a snail-covered altar of Cheibriados.
    29 | D        | Found a viscous altar of Jiyva.
    29 | D        | Found Oras's Magic Scroll Shop.
    29 | D        | Found Etup's Staff Store.
    30 | D        | Found Hokhleaha's Magic Scroll Shop.
    30 | D        | Found Ydurakk's Must-Have Magic.
    33 | D        | Found an ancient bone altar of Kikubaaqudgha.
    34 | D        | Found a roughly hewn altar of Beogh.
    37 | D        | Became a worshipper of Gozag Ym Sagoz the Greedy
    50 | D        | Noticed a scorpion
    52 | D        | Found Efam's Distillery.
    52 | D        | Found Cuhafuwe's Distillery.
    53 | D        | Found Anlohiex's Bottled Wisdom.
    59 | D        | Killed a scorpion
    59 | D        | Reached skill level 5 in Fighting
    59 | D        | Reached skill level 5 in Armour
    59 | D        | Reached skill level 5 in Shields
    59 | D        | Reached XP level 2. HP: 11/21 MP: 2/2
    59 | D        | Reached XP level 3. HP: 14/26 MP: 3/3
    60 | D        | Found Featoj's Do-It-Yourself Clinic.
   145 | D        | Reached XP level 4. HP: 12/31 MP: 4/4
   149 | D        | Arena points: 12 (+12) [x2]
   174 | D        | Bought a faintly glowing jade ring for 45 gold pieces
   174 | D        | Bought a pitted brass ring for 45 gold pieces
   174 | D        | Bought a slimy jade amulet for 45 gold pieces
   179 | D        | Identified the amulet "Sorghoxt" {Spirit rPois MR++ Int+5}
                  | (You bought it in a shop in the Dungeon)
   179 | D        | Identified the ring "Itaschoc" {rC- Str+6 Int+6} (You
                  | bought it in a shop in the Dungeon)
   180 | D        | Identified the ring of Foeqous {rElec MP+9 SInv Stlth+}
                  | (You bought it in a shop in the Dungeon)
   181 | D        | Bought a scorched silver ring for 45 gold pieces
   184 | D        | Round 2.
   188 | D        | Bought 3 scrolls of identify for 150 gold pieces
   188 | D        | Identified the ring of Joinuwnu {+Fly Dex+2} (You bought it
                  | in a shop in the Dungeon)
   292 | D        | Arena points: 48 (+36) [x3]
   361 | D        | Round 3.
   370 | D        | Noticed Sonja
   384 | D        | Killed Sonja
   384 | D        | Reached skill level 10 in Armour
   384 | D        | Reached XP level 5. HP: 17/40 MP: 5/5
   384 | D        | Reached XP level 6. HP: 19/45 MP: 6/6
   384 | D        | Reached XP level 7. HP: 21/50 MP: 6/7
   409 | D        | Bought a +0 demon whip for 450 gold pieces
   488 | D        | Noticed a kobold demonologist
   499 | D        | Noticed a neqoxec
   500 | D        | Killed a kobold demonologist
   500 | D        | Reached skill level 10 in Shields
   500 | D        | Reached XP level 8. HP: 44/56 MP: 8/8
   544 | D        | Arena points: 132 (+84) [x4]
   568 | D        | Round 4.
   677 | D        | Noticed a kobold demonologist
   693 | D        | Noticed a rust devil
   698 | D        | Noticed a sun demon
   716 | D        | Killed a kobold demonologist
   727 | D        | Arena points: 272 (+140) [x5]
   741 | D        | Bought 8 scrolls of enchant weapon for 600 gold pieces
   754 | D        | Bought a scroll of brand weapon for 200 gold pieces
   774 | D        | Round 5.
   798 | D        | Noticed a naga warlord
   805 | D        | Noticed a mana viper
   813 | D        | Killed a naga warlord
   813 | D        | Arena points: 517 (+245) [x7]
   813 | D        | Reached XP level 9. HP: 27/62 MP: 0/9
   817 | D        | Got a slimy pewter ring
   817 | D        | Got a serpentine rune of Zot
   818 | D        | Identified the ring of Fem Giat {Wiz Int+4 Stlth+} (You
                  | found it in the Dungeon)
   819 | D        | Reached skill level 10 in Fighting
   819 | D        | Reached XP level 10. HP: 31/68 MP: 0/10
   828 | D        | Bought a pair of dazzling boots for 332 gold pieces
   828 | D        | Identified the cursed -3 pair of boots "Bont" {*Corrode rC+
                  | Slay+3} (You bought it in a shop in the Dungeon)
  1000 | D        | Round 6.
  1098 | D        | Arena points: 901 (+384) [x8]
  1114 | D        | Bought a pair of pitted boots for 332 gold pieces
  1114 | D        | Bought a pair of spiked gloves for 332 gold pieces
  1114 | D        | Bought a pair of crude gloves for 332 gold pieces
  1114 | D        | Bought a transparent helmet for 332 gold pieces
  1115 | D        | Bought 3 scrolls of identify for 150 gold pieces
  1120 | D        | Identified the cursed +0 pair of boots of Claustrophobia
                  | {+Blink rElec rN+ MR-} (You bought it in a shop in the
                  | Dungeon)
  1126 | D        | Identified the cursed -3 pair of gloves of the Evening
                  | {rPois rC+ MR++ Dex+3} (You bought it in a shop in the
                  | Dungeon)
  1126 | D        | Identified the +0 pair of gloves "Wik Tale" {rN+} (You
                  | bought it in a shop in the Dungeon)
  1127 | D        | Identified the +1 helmet of Incorporation {-Tele rF++
                  | Regen+ rCorr} (You bought it in a shop in the Dungeon)
  1172 | D        | Round 7.
  1180 | D        | Noticed a salamander
  1200 | D        | Killed a salamander
  1202 | D        | Noticed a naga ritualist
  1211 | D        | Killed a naga ritualist
  1214 | D        | Noticed a black mamba
  1222 | D        | Noticed an anaconda
  1223 | D        | Killed a black mamba
  1223 | D        | Reached XP level 11. HP: 74/74 MP: 11/11
  1231 | D        | Killed an anaconda
  1238 | D        | Reached skill level 15 in Shields
  1275 | D        | Arena points: 1531 (+630) [x9]
  1289 | D        | Bought a faintly glowing tower shield for 332 gold pieces
  1289 | D        | Bought a heavily runed cloak for 332 gold pieces
  1290 | D        | Bought 3 scrolls of identify for 150 gold pieces
  1291 | D        | Bought a dazzling kite shield for 332 gold pieces
  1292 | D        | Identified the -2 tower shield "Cyc Kipp" {rN+} (You bought
                  | it in a shop in the Dungeon)
  1293 | D        | Identified the +0 cloak of the Valley of Death {Str+6
                  | Int+2} (You bought it in a shop in the Dungeon)
  1299 | D        | Identified the cursed +0 kite shield "Uloadd" {Int+7} (You
                  | bought it in a shop in the Dungeon)
  1330 | D        | Round 8.
  1475 | D        | Arena points: 2251 (+720) [x10]
  1528 | D        | Round 9.
  1558 | D        | Gained mutation: You tend to lose your temper in combat. [a
                  | neqoxec]
  1560 | D        | Gained mutation: Scrolls take you a little longer to read.
                  | [a neqoxec]
  1575 | D        | Gained mutation: You often lose your temper in combat. [a
                  | neqoxec]
  1593 | D        | Gained mutation: You are weak. (Str -2) [a neqoxec]
  1635 | D        | Gained mutation: Your magical capacity is low. (-10% MP) [a
                  | neqoxec]
  1637 | D        | Gained mutation: Scrolls take you longer to read. [a
                  | neqoxec]
  1658 | D        | Arena points: 3340 (+1089) [x11]
  1669 | D        | Bought 2 potions of mutation for 112 gold pieces
  1669 | D        | Bought 2 potions of mutation for 112 gold pieces
  1669 | D        | Lost mutation: You often lose your temper in combat.
                  | [potion of mutation]
  1669 | D        | Lost mutation: You tend to lose your temper in combat.
                  | [potion of mutation]
  1669 | D        | Gained mutation: Your mind is acute. (Int +2) [potion of
                  | mutation]
  1669 | D        | Gained mutation: You have large cloven feet. [potion of
                  | mutation]
  1670 | D        | Lost mutation: You are weak. (Str -2) [potion of mutation]
  1670 | D        | Lost mutation: Scrolls take you longer to read. [potion of
                  | mutation]
  1670 | D        | Lost mutation: You have large cloven feet. [potion of
                  | mutation]
  1670 | D        | Gained mutation: Your magical capacity is very low. (-20%
                  | MP) [potion of mutation]
  1670 | D        | Gained mutation: Your large and strong wings let you fly
                  | indefinitely. [potion of mutation]
  1671 | D        | Lost mutation: Your mind is acute. (Int +2) [potion of
                  | mutation]
  1671 | D        | Lost mutation: Your magical capacity is very low. (-20% MP)
                  | [potion of mutation]
  1671 | D        | Lost mutation: Scrolls take you a little longer to read.
                  | [potion of mutation]
  1671 | D        | Lost mutation: Your magical capacity is low. (-10% MP)
                  | [potion of mutation]
  1671 | D        | Gained mutation: You are partially covered in rugged brown
                  | scales. (AC +1, +3% HP) [potion of mutation]
  1671 | D        | Gained mutation: Your magical capacity is low. (-10% MP)
                  | [potion of mutation]
  1671 | D        | Gained mutation: You are dopey. (Int -2) [potion of
                  | mutation]
  1671 | D        | Gained mutation: You are somewhat resistant to further
                  | mutation. [potion of mutation]
  1713 | D        | Round 10.
  1713 | D        | Noticed Polyphemus
  1746 | D        | Killed Polyphemus
  1746 | D        | Arena points: 4510 (+1170) [x13]
  1746 | D        | Reached skill level 15 in Maces & Flails
  1746 | D        | Reached skill level 5 in Evocations
  1746 | D        | Reached XP level 12. HP: 64/86 MP: 4/10
  1749 | D        | Got a barnacled rune of Zot
  1756 | D        | Reached XP level 13. HP: 74/90 MP: 5/11
  1775 | D        | Bought a +0 crystal plate armour for 960 gold pieces
  1810 | D        | Bought 4 scrolls of enchant armour for 300 gold pieces
  1810 | D        | Bought 4 scrolls of enchant armour for 300 gold pieces
  1811 | D        | Bought 4 scrolls of enchant armour for 300 gold pieces
  1811 | D        | Bought 4 scrolls of enchant armour for 300 gold pieces
  1957 | D        | Round 11.
  1963 | D        | Arena points: 6358 (+1848) [x14]
  2030 | D        | Round 12.
  2182 | D        | Arena points: 8698 (+2340) [x15]
  2245 | D        | Round 13.
  2309 | D        | Noticed Donald
  2340 | D        | Killed Donald
  2340 | D        | Reached skill level 15 in Fighting
  2406 | D        | Arena points: 10778 (+2080) [x16]
  2433 | D        | Bought the +3 pair of gauntlets of War {Slay+5} for 1520
                  | gold pieces
  2433 | D        | Found the +3 pair of gauntlets of War {Slay+5}
  2438 | D        | Bought 3 scrolls of identify for 150 gold pieces
  2453 | D        | Bought 15 scrolls of remove curse for 450 gold pieces
  2466 | D        | Round 14.
  2605 | D        | Noticed an emperor scorpion
  2625 | D        | Killed an emperor scorpion
  2632 | D        | Arena points: 13158 (+2380) [x17]
  2650 | D        | Bought a coiled iron ring for 45 gold pieces
  2650 | D        | Bought a vibrating silver ring for 45 gold pieces
  2650 | D        | Identified the ring of Osisuipt {rF- MP+9 Str+7} (You
                  | bought it in a shop in the Dungeon)
  2651 | D        | Identified the cursed ring "Ucwot" {rN+ Int-4 Dex+5} (You
                  | bought it in a shop in the Dungeon)
  2652 | D        | Bought a bound copper ring for 45 gold pieces
  2652 | D        | Bought a faintly glowing golden ring for 45 gold pieces
  2652 | D        | Identified the ring of Nuredd {MP+9 EV+4 Str+3 Slay+2} (You
                  | bought it in a shop in the Dungeon)
  2663 | D        | Identified the ring of Cowardice {+Inv Stlth+} (You bought
                  | it in a shop in the Dungeon)
  2666 | D        | Round 15.
  2687 | D        | Noticed Fannar
  2726 | D        | Killed Fannar
  2726 | D        | Arena points: 16293 (+3135) [x19]
  2726 | D        | Reached skill level 15 in Armour
  2726 | D        | Mutation became permanent: Your large and strong wings let
                  | you fly indefinitely. [Gargoyle growth]
  2726 | D        | Gained mutation: Your large and strong wings let you fly
                  | indefinitely. [Gargoyle growth]
  2726 | D        | Reached XP level 14. HP: 93/103 MP: 12/12
  2729 | D        | Got an elven rune of Zot
  2732 | D        | Reached skill level 1 in Throwing
  2732 | D        | Reached skill level 1 in Unarmed Combat
  2732 | D        | Reached XP level 15. HP: 102/108 MP: 13/13
  2743 | D        | Bought a +2 eveningstar of holy wrath for 780 gold pieces
  2755 | D        | Bought 8 scrolls of enchant weapon for 600 gold pieces
  2913 | D        | Round 16.
  2926 | D        | Noticed a Killer Klown
  2959 | D        | Killed a Killer Klown
  2981 | D        | Noticed a Killer Klown
  3021 | D        | Noticed a Killer Klown
  3034 | D        | Killed a Killer Klown
  3037 | D        | Killed a Killer Klown
  3041 | D        | Noticed a Killer Klown
  3073 | D        | Killed a Killer Klown
  3080 | D        | Arena points: 20453 (+4160) [x20]
  3097 | D        | Round 17.
  3102 | D        | Noticed a titan
  3115 | D        | Killed a titan
  3170 | D        | Noticed a storm dragon
  3179 | D        | Killed a storm dragon
  3228 | D        | Noticed a storm dragon
  3273 | D        | Arena points: 20640 (+187) [x1]
  3288 | D        | Round 18.
  3296 | D        | Noticed a bone dragon
  3309 | D        | Killed a bone dragon
  3324 | D        | Bought 3 potions of experience for 900 gold pieces
  3324 | D        | Bought 2 potions of experience for 600 gold pieces
  3324 | D        | Bought a potion of experience for 300 gold pieces
  3324 | D        | Bought a potion of experience for 300 gold pieces
  3324 | D        | Reached XP level 16. HP: 121/121 MP: 14/14
  3326 | D        | Reached XP level 17. HP: 127/127 MP: 15/15
  3327 | D        | Reached XP level 18. HP: 132/132 MP: 16/16
  3328 | D        | Reached XP level 19. HP: 139/139 MP: 17/17
  3329 | D        | Reached XP level 20. HP: 144/144 MP: 18/18
  3333 | D        | Reached XP level 21. HP: 151/151 MP: 18/18
  3334 | D        | Reached XP level 22. HP: 157/157 MP: 19/19
  3381 | D        | Reached XP level 23. HP: 158/162 MP: 20/20
  3432 | D        | Arena points: 21252 (+612) [x2]
  3469 | D        | Round 19.
  3549 | D        | Arena points: 21936 (+684) [x3]
  3605 | D        | Round 20.
  3648 | D        | Arena points: 23236 (+1300) [x5]
  3651 | D        | Got a slimy rune of Zot
  3654 | D        | Reached XP level 24. HP: 173/173 MP: 20/20
  3814 | D        | Round 21.
  3967 | D        | Arena points: 25000 (+1764) [x6]
  4020 | D        | Round 22.
  4111 | D        | Reached skill level 27 in Shields
  4152 | D        | Noticed an ancient lich
  4161 | D        | Killed an ancient lich
  4161 | D        | Arena points: 27772 (+2772) [x7]
  4202 | D        | Round 23.
  4375 | D        | Arena points: 28117 (+345) [x1]
  4390 | D        | Round 24.
  4457 | D        | Arena points: 28837 (+720) [x2]
  4472 | D        | Round 25.
  4475 | D        | Noticed Mennas
  4521 | D        | Killed Mennas
  4521 | D        | Arena points: 30337 (+1500) [x4]
  4521 | D        | Reached skill level 27 in Fighting
  4521 | D        | Reached skill level 27 in Maces & Flails
  4525 | D        | Got a silver rune of Zot
  4532 | D        | Reached skill level 1 in Dodging
  4532 | D        | Reached XP level 25. HP: 192/192 MP: 20/20
  4699 | D        | Round 26.
  4732 | D        | Bought a vibrating silver amulet for 135 gold pieces
  4732 | D        | Bought a scroll of identify for 54 gold pieces
  4732 | D        | Identified the amulet "Raynwiteimm" {Inacc rF+ MR+ Int+2
                  | Dex+2} (You bought it in a shop in the Dungeon)
  4739 | D        | Bought 3 scrolls of identify for 150 gold pieces
  4739 | D        | Bought 3 scrolls of identify for 150 gold pieces
  4762 | D        | Bought a wavering diamond amulet for 45 gold pieces
  4762 | D        | Bought a glittering crystal amulet for 45 gold pieces
  4762 | D        | Identified the amulet "Pist" {Spirit rC+ Str+4 Dex+3
                  | Slay-5} (You bought it in a shop in the Dungeon)
  4763 | D        | Identified the amulet "Hebinourph" {Spirit Int+4} (You
                  | bought it in a shop in the Dungeon)
  4838 | D        | Arena points: 32287 (+1950) [x5]
  4856 | D        | Bought the ring of Qeot {rF+ rN+ Str+3 Dex-5} for 596 gold
                  | pieces
  4862 | D        | Upgraded the game from 0.26-a0-667-g92642533e4 to
                  | 0.26-a0-672-g1df16c3386
  4862 | D        | Upgraded the game from 0.26-a0-672-g1df16c3386 to
                  | 0.26-a0-682-g294304f6e8
  4882 | D        | Bought a brightly glowing cloak for 332 gold pieces
  4882 | D        | Bought a polished hat for 315 gold pieces
  4883 | D        | Identified the +2 cloak of Agnosticism {rPois rCorr} (You
                  | bought it in a shop in the Dungeon)
  4884 | D        | Identified the +4 hat of Qulaitae {rPois} (You bought it in
                  | a shop in the Dungeon)
  4886 | D        | Bought 3 scrolls of identify for 150 gold pieces
  4886 | D        | Bought 3 scrolls of identify for 150 gold pieces
  4893 | D        | Bought a warped wooden ring for 45 gold pieces
  4893 | D        | Bought a scorched brass ring for 45 gold pieces
  4893 | D        | Bought a clouded tin ring for 45 gold pieces
  4893 | D        | Bought a fine tin ring for 45 gold pieces
  4893 | D        | Bought a transparent pewter ring for 45 gold pieces
  4893 | D        | Identified the ring of Fazog {rPois rF- rC+++ rCorr Int+7}
                  | (You bought it in a shop in the Dungeon)
  4895 | D        | Identified the ring of Greed {*Slow +Blink +Inv rN+ Str-4}
                  | (You bought it in a shop in the Dungeon)
  4897 | D        | Identified the ring "Pakheyt" {rF++ rN+} (You bought it in
                  | a shop in the Dungeon)
  4898 | D        | Identified the ring of Toatz {rPois Int+4 Dex-4 Stlth-}
                  | (You bought it in a shop in the Dungeon)
  4900 | D        | Identified the ring of Vehumet's Outrage {+Blink rN+ Str-2
                  | SInv} (You bought it in a shop in the Dungeon)
  4903 | D        | Bought a bound lapis lazuli ring for 45 gold pieces
  4903 | D        | Bought an ancient steel ring for 45 gold pieces
  4904 | D        | Identified the ring of Taum {rC+ Str+2} (You bought it in a
                  | shop in the Dungeon)
  4905 | D        | Identified the ring of the Endless Expanse {Ice Dex+5} (You
                  | bought it in a shop in the Dungeon)
  4906 | D        | Round 27.
  4947 | D        | Noticed a Killer Klown
  4949 | D        | Noticed an ancient lich
  4951 | D        | Noticed a Killer Klown
  4961 | D        | Killed an ancient lich
  4979 | D        | Noticed a Killer Klown
  4981 | D        | Noticed an ancient lich
  4986 | D        | Killed an ancient lich
  4986 | D        | Reached XP level 26. HP: 102/198 MP: 14/20
  5001 | D        | Killed a Killer Klown
  5001 | D        | Reached skill level 27 in Armour
  5006 | D        | Reached skill level 5 in Unarmed Combat
  5021 | D        | Killed a Killer Klown
  5021 | D        | Reached skill level 5 in Dodging
  5021 | D        | Reached skill level 5 in Spellcasting
  5021 | D        | Reached skill level 10 in Evocations
  5031 | D        | Reached skill level 10 in Unarmed Combat
  5044 | D        | Killed a Killer Klown
  5076 | D        | Arena points: 35365 (+3078) [x6]
  5241 | D        | Bought a potion of heal wounds for 115 gold pieces
  5241 | D        | Bought a potion of cancellation for 184 gold pieces
  5242 | D        | Bought the ring of Spontaneous Combustion {+Fly rElec rC++
                  | Stlth-} for 822 gold pieces
  5244 | D        | Bought a pair of brightly glowing gloves for 427 gold
                  | pieces
  5244 | D        | Identified the +0 pair of gloves "Leel" {MR+} (You bought
                  | it in a shop in the Dungeon)
  5270 | D        | Bought 3 potions of heal wounds for 105 gold pieces
  5270 | D        | Bought 3 potions of heal wounds for 105 gold pieces
  5270 | D        | Bought 3 potions of heal wounds for 105 gold pieces
  5276 | D        | Round 28.
  5285 | D        | Reached skill level 10 in Dodging
  5311 | D        | Reached skill level 15 in Evocations
  5356 | D        | Arena points: 39677 (+4312) [x7]
  5371 | D        | Round 29.
  5374 | D        | Bought 4 scrolls of blinking for 300 gold pieces
  5374 | D        | Bought 3 scrolls of blinking for 225 gold pieces
  5497 | D        | Reached skill level 15 in Dodging
  5620 | D        | Arena points: 43853 (+4176) [x8]
  5634 | D        | Round 30.
  5638 | D        | Identified the +4 staff of Dispater
  5638 | D        | Noticed Dispater
  5671 | D        | Killed Dispater
  5671 | D        | Arena points: 48653 (+4800) [x10]
  5672 | D        | Got an iron rune of Zot
  5881 | D        | Round 31.
  6084 | D        | Arena points: 57519 (+8866) [x11]
  6094 | D        | Bought the +2 shield of Resistance {rF++ rC++ MR++} for
                  | 3180 gold pieces
  6094 | D        | Found the +2 shield of Resistance {rF++ rC++ MR++}
  6129 | D        | Round 32.
  6289 | D        | Arena points: 66735 (+9216) [x12]
  6332 | D        | Round 33.
  6353 | D        | Reached XP level 27. HP: 204/204 MP: 30/30
  6380 | D        | Noticed Antaeus
  6411 | D        | Killed Antaeus
  6411 | D        | Arena points: 74589 (+7854) [x14]
  6415 | D        | Got an icy rune of Zot
  6419 | D        | Got a pair of twisted gloves
  6432 | D        | Bought 3 scrolls of identify for 150 gold pieces
  6432 | D        | Identified the +0 pair of gloves "Yproq" {+Blink +Fly MR-}
                  | (You found it in the Dungeon)
  6614 | D        | Round 34.
  6698 | D        | Arena points: 87849 (+13260) [x15]
  6736 | D        | Round 35.
  6820 | D        | Paralysed by a floating eye for 4 turns
  6881 | D        | Paralysed by a floating eye for 3 turns
  6887 | D        | Reached skill level 27 in Evocations
  6888 | D        | Paralysed by a floating eye for 4 turns
  6893 | D        | Arena points: 97929 (+10080) [x16]
  6958 | D        | Round 36.
  6982 | D        | Noticed Mnoleg
  6994 | D        | Paralysed by a floating eye for 2 turns
  7018 | D        | Killed Mnoleg
  7018 | D        | Arena points: 109593 (+11664) [x18]
  7022 | D        | Got a glowing rune of Zot
  7025 | D        | Got a bone eveningstar
  7026 | D        | Identified the +5 eveningstar "Gargoyle's Regret" {venom,
                  | +Fly rN+} (You found it in the Dungeon)
  7141 | D        | Bought a potion of invisibility for 120 gold pieces
  7141 | D        | Bought a potion of stabbing for 60 gold pieces
  7141 | D        | Bought a potion of mutation for 120 gold pieces
  7141 | D        | Bought 2 potions of curing for 90 gold pieces
  7141 | D        | Bought a potion of might for 60 gold pieces
  7141 | D        | Bought a potion of curing for 45 gold pieces
  7221 | D        | Round 37.
  7268 | D        | Noticed Geryon
  7291 | D        | Killed Geryon
  7291 | D        | Reached skill level 27 in Dodging
  7291 | D        | Reached skill level 1 in Stealth
  7320 | D        | Reached skill level 10 in Stealth
  7351 | D        | Reached skill level 15 in Stealth
  7384 | D        | Arena points: 127168 (+17575) [x19]
  7426 | D        | Round 38.
  7627 | D        | Arena points: 128004 (+836) [x1]
  7642 | D        | Round 39.
  7645 | D        | Noticed Lom Lobon
  7660 | D        | Killed Lom Lobon
  7660 | D        | Arena points: 130227 (+2223) [x3]
  7661 | D        | Got a magical rune of Zot
  7826 | D        | Round 40.
  7861 | D        | Reached skill level 27 in Stealth
  7873 | D        | Reached skill level 10 in Spellcasting
  7891 | D        | Arena points: 134387 (+4160) [x4]
  7927 | D        | Round 41.
  7982 | D        | Reached skill level 15 in Spellcasting
  7984 | D        | Paralysed by a floating eye for 4 turns
  8004 | D        | Paralysed by a floating eye for 4 turns
  8013 | D        | Paralysed by a floating eye for 2 turns
  8038 | D        | Paralysed by a floating eye for 2 turns
  8052 | D        | Paralysed by a floating eye for 2 turns
  8095 | D        | Paralysed by a floating eye for 2 turns
  8100 | D        | Paralysed by a floating eye for 2 turns
  8112 | D        | Paralysed by a floating eye for 2 turns
  8132 | D        | Arena points: 140947 (+6560) [x5]
  8163 | D        | Round 42.
  8163 | D        | Noticed Master Blaster
  8164 | D        | Noticed Tiung the pandemonium lord
  8176 | D        | Killed Tiung the pandemonium lord
  8182 | D        | Noticed Epid the pandemonium lord
  8182 | D        | Noticed Tehosuded the pandemonium lord
  8191 | D        | Noticed Finuexec the pandemonium lord
  8206 | D        | Killed Tehosuded the pandemonium lord
  8208 | D        | Killed Epid the pandemonium lord
  8211 | D        | Noticed Onweacur the pandemonium lord
  8213 | D        | Killed Finuexec the pandemonium lord
  8229 | D        | Killed Onweacur the pandemonium lord
  8229 | D        | Reached skill level 27 in Spellcasting
  8230 | D        | Noticed Qiepnysam the pandemonium lord
  8234 | D        | Killed Qiepnysam the pandemonium lord
  8234 | D        | Reached skill level 15 in Unarmed Combat
  8245 | D        | Noticed Yridgh the pandemonium lord
  8246 | D        | Noticed Cutsomy the pandemonium lord
  8247 | D        | Killed Master Blaster
  8247 | D        | Arena points: 146827 (+5880) [x7]
  8273 | D        | Got a demonic rune of Zot
  8286 | D        | Bought a book of Hexes for 350 gold pieces
  8291 | D        | Learned a level 4 spell: Cause Fear
  8891 | D        | Got the Orb of Zot
  8914 | D        | Reached skill level 5 in Hexes
  9030 | D        | Escaped with the Orb!

Illustrated notes

Levels and vault maps discovered:
D:        arena_sprint

Skill      XL: |  1  2  3  4  5  6  7  8  9 10 11 12 13 14 15 16 17 18 19 20 21 22 23 24 25 26 27 |
---------------+----------------------------------------------------------------------------------+-----
Fighting       | 5 8 9 10 11 13 16 20 21 27 | 27.0
Armour         | 5 10 11 12 13 15 16 17 19 26 27 | 27.0
Shields        | 5 9 10 12 14 17 20 24 25 27 | 27.0
Maces & Flails | 7 8 11 13 15 17 20 21 22 27 | 27.0
Evocations     | 2 3 4 5 6 7 8 23 27 | 27.0
Throwing       | 1 2 8 |  8.0
Unarmed Combat | 1 11 24 | 24.2
Dodging        | 1 20 27 | 27.0
Spellcasting   | 7 27 | 27.0
Stealth        | 27 | 27.0
Staves         | 20 | 20.5
Hexes          | 5 |  5.9

Action                   |  1- 3 |  4- 6 |  7- 9 | 10-12 | 13-15 | 16-18 | 19-21 | 22-24 | 25-27 || total
-------------------------+-------+-------+-------+-------+-------+-------+-------+-------+-------++-------
Melee: Flail             |    20 |    28 |     1 |       |       |       |       |       |       ||    49
       Demon whip        |       |       |   113 |   113 |   188 |       |       |    42 |   680 ||  1136
       Eveningstar       |       |       |       |       |   136 |       |     2 |   311 |   444 ||   893
Invok: Call Merchant     |       |       |       |       |     4 |       |       |       |    18 ||    22
       Potion Petition   |       |       |       |       |     1 |       |       |       |     1 ||     2
Evoke: Wand              |     2 |     2 |     1 |     5 |       |       |       |       |     4 ||    14
       Horn of Geryon    |       |       |       |       |       |       |       |       |    10 ||    10
  Use: Scroll            |       |     1 |    10 |     6 |    27 |       |       |       |    15 ||    59
       Potion            |       |       |     1 |     9 |     2 |     3 |     3 |     2 |    18 ||    38
 Stab: Distracted        |     1 |       |       |       |     2 |       |       |     2 |    13 ||    18
Armor: Scale mail        |     9 |    17 |    25 |    21 |       |       |       |       |       ||    72
       Crystal plate arm |       |       |       |       |    99 |       |       |    78 |   506 ||   683
Dodge: Dodged            |     4 |    17 |    29 |    16 |    17 |       |       |    35 |   377 ||   495
Block: Kite shield       |    10 |    20 |    48 |    26 |       |       |       |       |   567 ||   671
       Tower shield      |       |       |       |    51 |   183 |       |     1 |   238 |   353 ||   826

Table legend: (Time is in decaauts)
 A = Elapsed time spent in this place.
 B = Non-inter-level travel time spent in this place.
 C = Inter-level travel time spent in this place.
 D = Time resting spent in this place.
 E = Time spent auto-exploring this place.
 F = Levels seen in this place.
 G = Mean time per level.
                   A        B        C        D        E       F      G
               +--------+--------+--------+--------+--------+-----+--------+
         Total |   8165 |   8137 |     28 |   1983 |    997 |   1 | 8165.0 |
       Dungeon |   8165 |   8137 |     28 |   1983 |    997 |   1 | 8165.0 |
               +--------+--------+--------+--------+--------+-----+--------+

Top non-repeatable levels by time:
       D: 8165 daAuts
